 Dungeon Crawl Stone Soup version 0.26-a0-665-gefeb406119 (webtiles) character file.

Game seed: 2964628460577460219

377 lunkers the Chiller (level 7, -1/36 HPs)
             Began as a Kobold Ice Elementalist on Oct 15, 2020.
             Slain by an ogre
             ... wielding a +0 giant club
              (14 damage)
             ... on level 6 of the Dungeon.
             The game lasted 00:07:20 (3891 turns).

lunkers the Chiller (Kobold Ice Elementalist)       Turns: 3891, Time: 00:07:21

Health: -1/36      AC:  4    Str:  6    XL:     7   Next: 4%
Magic:  8/13       EV: 15    Int: 18    God:
Gold:   225        SH:  5    Dex: 15    Spells: 7/14 levels left

rFire    . . .     SeeInvis .   e - +0 short sword
rCold    + . .     Faith    .   (shield restricted)
rNeg     . . .     Spirit   .   a - +1 robe
rPois    .         Reflect  +   (no helmet)
rElec    .         Harm     .   d - +0 cloak
rCorr    .         Rampage  .   (no gloves)
MR       .....                  (no boots)
Stlth    +++.......             u - amulet of reflection (curse)
HPRegen  0.12/turn              i - ring of protection from cold
MPRegen  0.13/turn              (no ring)

@: frozen ramparts
A: small, nightstalker 3
a: no special abilities


You were on level 6 of the Dungeon.
You visited 1 branch of the dungeon, and saw 5 of its levels.

You collected 225 gold pieces.

Inventory:

Hand Weapons
 e - a +0 short sword (weapon)
Armour
 a - a +1 robe (worn)
 d - a +0 cloak (worn)
 g - a cursed +0 ring mail
 t - a +0 buckler
Jewellery
 h - an uncursed ring of positive energy
 i - a ring of protection from cold (left hand)
 u - a cursed amulet of reflection (around neck)
Wands
 j - a wand of flame (7)
 o - a wand of random effects (10)
Scrolls
 f - 2 scrolls of teleportation
 r - a scroll of blinking {unknown}
 s - a scroll of amnesia
 v - a scroll of enchant armour
 w - a scroll of noise {unknown}
Potions
 b - 2 potions of heal wounds
 c - 2 potions of magic
 k - a potion of flight {unknown}
 l - 2 potions of haste
 m - a potion of curing {unknown}
 n - 2 potions of cancellation
 p - 2 potions of ambrosia {unknown}
 q - a potion of brilliance {unknown}


   Skills:
 - Level 2.4 Dodging
 - Level 2.6 Stealth
 + Level 4.3 Spellcasting
 * Level 6.8 Ice Magic


You had 7 spell levels left.
You knew the following spells:

 Your Spells              Type           Power        Failure   Level
a - Freeze                Ice            ####         1%          1
b - Frozen Ramparts       Ice            ####..       2%          3
c - Ozocubu's Armour      Ice            ####....     2%          3

Your spell library contained the following spells:

 Spells                   Type           Power        Failure   Level
 Hailstorm                Conj/Ice       ###.....     34%         4
 Summon Ice Beast         Ice/Summ       ###.....     34%         4


Dungeon Overview and Level Annotations

Branches:
Dungeon (4/15)
 Temple: D:4-7

Altars:
Ashenzari
Sif Muna
Vehumet
Xom

Annotations:
D:3 2 transporters


Innate Abilities, Weirdness & Mutations

You are small and have problems with some larger weapons.
You are completely attuned to the shadows.


Message History

Found a stone staircase leading up.
There is a stone staircase leading down here.
An ogre comes into view. It is wielding a +0 giant club.
The ogre closely misses you.
Casting: Freeze (safe; 1% risk of failure)
Confirm with . or Enter, or press ? or * to list all spells.
You freeze the ogre.
The ogre is moderately wounded.
Casting: Freeze (safe; 1% risk of failure)
Confirm with . or Enter, or press ? or * to list all spells.
You freeze the ogre.
The ogre is moderately wounded.
The ogre hits you with a +0 giant club!!
Ouch! That really hurt!
* * * LOW HITPOINT WARNING * * *
Casting: Freeze (safe; 1% risk of failure)
Confirm with . or Enter, or press ? or * to list all spells.
The walls around you are covered in ice.
The wall freezes the ogre.
The ogre hits you with a +0 giant club!
You die...

##.....# .......
....... .......#
#...... ........#
#.O.... #
........######@..#
.
................#..
.#......##........#
.#..#..####.......#
###.#..#
#.......... #...>##
##.......#.
###..###..........#
##................
.....#.#<.


You could see an ogre.

Vanquished Creatures
  An ogre (D:3)
  A hound (D:4)
  An orc priest (D:4)
  An iguana (D:6)
  2 worker ants
  A hound skeleton (D:4)
  5 adders
  2 oozes (D:3)
  A worm (D:2)
  4 leopard geckos
  5 orcs
  A ball python (D:4)
  7 giant cockroaches
  2 goblins (D:3)
  5 hobgoblins
  14 jackals
  5 quokkas
  4 bats
  5 frilled lizards
  A jackal skeleton (D:4)
  4 kobolds
  11 rats
83 creatures vanquished.

Vanquished Creatures (others)
  21 toadstools (D:4)
21 creatures vanquished.

Grand Total: 104 creatures vanquished

Notes
Turn   | Place    | Note
-------+----------+-------------------------------------------
     0 | D:1      | lunkers the Kobold Ice Elementalist began the quest for the
                  | Orb.
     0 | D:1      | Reached XP level 1. HP: 10/10 MP: 3/3
   202 | D:1      | Reached XP level 2. HP: 15/15 MP: 1/5
   534 | D:1      | Reached XP level 3. HP: 19/19 MP: 4/6
   740 | D:1      | Learned a level 3 spell: Frozen Ramparts
   744 | D:1      | Learned a level 3 spell: Ozocubu's Armour
   910 | D:2      | Found a shimmering blue altar of Sif Muna.
  1169 | D:2      | Reached XP level 4. HP: 21/24 MP: 4/8
  1763 | D:3      | Reached skill level 5 in Ice Magic
  1840 | D:3      | Found a radiant altar of Vehumet.
  1841 | D:3      | Noticed a black bear
  1851 | D:3      | Found a transporter.
  1863 | D:3      | Found a transporter.
  2289 | D:3      | Noticed an ogre
  2321 | D:3      | Killed an ogre
  2321 | D:3      | Reached XP level 5. HP: 28/28 MP: 3/10
  2325 | D:3      | Found a shimmering altar of Xom.
  2574 | D:3      | Reached skill level 6 in Ice Magic
  2574 | D:3      | Reached XP level 6. HP: 29/32 MP: 7/11
  2946 | D:4      | Found a broken altar of Ashenzari.
  3766 | D:4      | You fall into a shaft and drop 2 floors!
  3831 | D:6      | Reached XP level 7. HP: 33/36 MP: 8/13
  3891 | D:6      | Slain by an ogre

Illustrated notes

Levels and vault maps discovered:
D:1:      scummos_arrival_checkerplants, layout_rooms
D:2:      layout_loops_ring, lemuel_crystal_altar, serial_glass,
          glass_columns_a, glass_columns_c, minmay_strange_pillars
D:3:      layout_loops_ring, gammafunk_temple_overflow_arena, xom_butterflies
D:4:      layout_loops_ring, ashenzari_conservatory_becter,
          gup_ossuary_entry_pyramid, tgw_fedhas
D:6:      layout_cave_pools, okawaru_metal_pillars_1_2, serial_shops, shop,
          nicolae_ru_the_path_less_chosen

Skill      XL: |  1  2  3  4  5  6 |
---------------+-------------------+-----
Ice Magic      | 5 6 |  6.8
Spellcasting   | 3 4 |  4.3
Dodging        | |  2.4
Stealth        | |  2.6

Action                   |  1- 3 |  4- 6 |  7- 9 || total
-------------------------+-------+-------+-------++-------
Melee: Short sword       |     1 |    12 |       ||    13
 Cast: Freeze            |    35 |    76 |     3 ||   114
       Frozen Ramparts   |     1 |     3 |     1 ||     5
  Use: Scroll            |     4 |     6 |       ||    10
 Stab: Sleeping          |       |     2 |       ||     2
Armor: Robe              |       |    15 |       ||    15
Dodge: Dodged            |    17 |    39 |     1 ||    57

Table legend: (Time is in decaauts)
 A = Elapsed time spent in this place.
 B = Non-inter-level travel time spent in this place.
 C = Inter-level travel time spent in this place.
 D = Time resting spent in this place.
 E = Time spent auto-exploring this place.
 F = Levels seen in this place.
 G = Mean time per level.
                   A        B        C        D        E       F      G
               +--------+--------+--------+--------+--------+-----+--------+
         Total |   3888 |   3779 |    109 |     17 |   3216 |   5 |  777.6 |
       Dungeon |   3888 |   3779 |    109 |     17 |   3216 |   5 |  777.6 |
               +--------+--------+--------+--------+--------+-----+--------+

Top non-repeatable levels by time:
     D:3: 1083 daAuts
     D:4: 955 daAuts
     D:2: 887 daAuts
     D:1: 837 daAuts
     D:6: 124 daAuts
